 Dungeon Crawl Stone Soup version 0.31-a0-431-g88bdf31460 (webtiles) character file.

Game seed: 3003448221610758234

4207 randomguy2701 the Cleaver (level 10, -2/88 HPs)
             Began as a Minotaur Fighter on July 31, 2023.
             Was a Priest of Okawaru.
             Slain by a cyclops (21 damage)
             ... on level 7 of the Dungeon.
             The game lasted 00:08:39 (6875 turns).

randomguy2701 the Cleaver (Minotaur Fighter)        Turns: 6875, Time: 00:08:40

Health: -2/88      AC: 16    Str: 20    XL:     10   Next: 8%
Magic:  20/21      EV:  9    Int:  5    God:    Okawaru [***...]
Gold:   399        SH:  7    Dex: 15    Spells: 9/9 levels left

rFire   . . .        a - +0 war axe
rCold   . . .        c - +0 buckler
rNeg    . . .        u - +0 plate armour
rPois   .            (helmet restricted)
rElec   .            (no cloak)
rCorr   .            (no gloves)
SInv    .            (no boots)
Will    .....        w - amulet of the acrobat Stlth
                     s - ring of magical power
HPRegen 0.34/turn    (no ring)
MPRegen 0.17/turn

%: acrobat
@: heroic
A: horns 2, retaliatory headbutt
a: Renounce Religion, Heroism


You were on level 7 of the Dungeon.
You worshipped Okawaru.
Okawaru was most pleased with you.
You visited 1 branch of the dungeon, and saw 7 of its levels.

You collected 399 gold pieces.

Inventory:

Hand Weapons
 a - a +0 war axe (weapon)
 p - a +0 demon whip
Missiles
 z - 4 throwing nets
Armour
 c - a +0 buckler (worn)
 u - a +0 plate armour (worn)
Jewellery
 s - a ring of magical power (left hand)
 w - an amulet of the acrobat (around neck)
 A - a ring of poison resistance
Wands
 b - a wand of digging (6)
Scrolls
 g - 4 scrolls of identify {unknown}
 h - 2 scrolls of fog {unknown}
 j - a scroll of revelation {unknown}
 l - a scroll of amnesia {unknown}
 m - 4 scrolls of vulnerability {unknown}
 n - 3 scrolls of teleportation {unknown}
 o - a scroll of enchant weapon {unknown}
 t - a scroll of poison {unknown}
 y - a scroll of silence {unknown}
Potions
 d - 2 potions of might
 e - 6 potions of curing {unknown}
 f - 2 potions of attraction {unknown}
 i - a potion of haste {unknown}
 k - 3 potions of lignification {unknown}
 q - 3 potions of degeneration {unknown}
 r - 2 potions of berserk rage {unknown}
 v - a potion of mutation {unknown}
 x - a potion of heal wounds {unknown}
 B - a potion of cancellation {unknown}


   Skills:
 + Level 7.8(12.8) Fighting
 + Level 11.7(16.7) Axes
 + Level 8.2(13.2) Armour
 + Level 2.1(7.1) Dodging
 + Level 0.5(5.5) Stealth
 + Level 6.3(11.3) Shields
 * Level 4.9 Invocations


You had 9 spell levels left.
You didn't know any spells.
Your spell library contained the following spells:

 Spells                   Type           Power      Damage    Failure   Level
 Magic Dart               Conj           0%         1d3       100%        1
 Searing Ray              Conj           0%         2d4       100%        2
 Mephitic Cloud           Conj/Pois/Air  0%         N/A       100%        3
 Fulminant Prism          Conj/Hex       0%         3d5       100%        4
 Call Imp                 Summ           Unusable   N/A       N/A         2

Dungeon Overview and Level Annotations

Branches:
Dungeon (7/15)             Temple (0/1) D:6

Altars:
Ashenzari
Dithmenos
Hepliaklqana
Okawaru
Yredelemnul
The Shining One

Shops:
D:3 [[!(   D:4 [   D:5 *


Innate Abilities, Weirdness & Mutations

You have a pair of horns on your head.
You reflexively headbutt those who attack you in melee.


Message History

You slice the manticore!!
You kill the manticore!
Okawaru is honoured by your kill.
You have reached level 10!
You feel like a meek peon again.
You see here a manticore corpse.
There is an open door here.
A cyclops is nearby!
You gain the combat prowess of a mighty hero.
Found four items.
Found a rapier.
The cyclops barely misses you.
You hit the cyclops.
You headbutt the cyclops, but do no damage.
The cyclops is lightly wounded.
You slash the cyclops!
You headbutt the cyclops, but do no damage.
The cyclops is moderately wounded.
The cyclops hits you!
You hit the cyclops.
The cyclops is moderately wounded.
The cyclops hits you!!
You slash the cyclops!
The cyclops is heavily wounded.
You hit the komodo dragon. You slash the cyclops!
The cyclops is severely wounded.
You slash the komodo dragon! The komodo dragon bites you! The cyclops hits you!
* * * LOW HITPOINT WARNING * * *
You are too injured to fight recklessly!
You are too injured to fight recklessly!
You hit the cyclops.
The cyclops is severely wounded.
You slash the komodo dragon!
The komodo dragon bites you but does no damage.
You hit the cyclops.
You headbutt the cyclops, but do no damage.
The cyclops is almost dead.
You barely miss the komodo dragon. The cyclops hits you!!
You die...

.....###......#...##.####...##...
......##..#..###.....# #....####
....###........###..## #.##.....
....#.#'#...##...#...####.##..###
...##...###.#...##....##...##..#
..##......#####............###.##
####..#.....#.###..........# #..#
#...###..##...###....#...# ##..
##..###...#....@l###..##### ##..
##.....#†.##..#..C..####### #...
.###......#...#'#.....#...####...
## ###...##..##(###..####...#....
###.'...#)$? ..#..###......
#.###..###)# ##..)........
#.##.....### #.....#####..
######.####.....# ##.....# ##..
.........####.....l#.....## #...


You could see a cyclops and a komodo dragon.

Vanquished Creatures
  A two-headed ogre (D:6)
  A cyclops (D:7)
  A manticore (D:7)
  A wraith (D:7)
  2 wyverns (D:7)
  The ghost of yesbutactuallyno the Covered, an amateur HuFi (D:5)
  2 acid dragons (D:7)
  2 sky beasts (D:7)
  A black bear (D:4)
  3 ice beasts
  An orc warrior (D:7)
  An ogre (D:4)
  A phantom (D:6)
  2 bullfrogs (D:7)
  4 necrophages (D:5)
  2 bullfrog zombies (D:5)
  A gnoll bouda (D:7)
  2 hounds
  A human zombie (D:5)
  3 jellies
  3 sleepcaps
  An orc priest (D:5)
  2 orc wizards
  2 iguanas
  A killer bee zombie (D:5)
  5 mummies
  12 gnolls
  11 adders
  A shadow imp (D:6)
  3 white imps
  An ufetubus (D:4)
  2 worms
  5 dart slugs
  17 orcs
  6 bats
  8 endoplasms
  A giant cockroach (D:3)
  5 goblins
  4 hobgoblins
  3 quokkas
  8 ball pythons
  3 frilled lizards
  8 kobolds
  9 rats
154 creatures vanquished.

Notes
Turn   | Place    | Note
-------+----------+-------------------------------------------
     0 | D:1      | randomguy2701 the Minotaur Fighter began the quest for the
                  | Orb.
     0 | D:1      | Reached XP level 1. HP: 19/19 MP: 0/0
   253 | D:1      | Reached XP level 2. HP: 27/27 MP: 1/1
   927 | D:2      | Reached XP level 3. HP: 23/33 MP: 2/2
  1066 | D:2      | Reached skill level 3 in Axes
  1418 | D:3      | Found Suwagaef's Antique Armour Shoppe.
  1422 | D:3      | Found Xideunt's Distillery.
  1439 | D:3      | Found Qeinkun's Antique Weapon Boutique.
  1613 | D:3      | Reached XP level 4. HP: 41/41 MP: 3/3
  1641 | D:3      | Found Oguokin's Antique Armour Emporium.
  1805 | D:3      | Found Tuph's Book Boutique.
  1857 | D:3      | Reached skill level 4 in Axes
  2119 | D:3      | Found a broken altar of Ashenzari.
  2119 | D:3      | Found an iron altar of Okawaru.
  2124 | D:3      | Became a worshipper of Warmaster Okawaru
  2201 | D:4      | Reached XP level 5. HP: 23/47 MP: 4/4
  2399 | D:4      | Noticed an ice beast
  2413 | D:4      | Killed an ice beast
  2414 | D:4      | Reached skill level 5 in Axes
  2414 | D:4      | Reached skill level 5 in Armour
  2414 | D:4      | Reached XP level 6. HP: 14/53 MP: 5/5
  2419 | D:4      | Reached skill level 1 in Dodging
  2701 | D:4      | Reached skill level 5 in Fighting
  2755 | D:4      | Reached skill level 6 in Axes
  2757 | D:4      | Reached * piety under Okawaru
  2758 | D:4      | Reached XP level 7. HP: 54/61 MP: 6/6
  2853 | D:4      | Found Weklops's Armour Shop.
  2912 | D:4      | Found a glowing golden altar of the Shining One.
  3111 | D:5      | Entered Level 5 of the Dungeon
  3367 | D:5      | Found a runed translucent door.
  3528 | D:5      | Reached skill level 7 in Axes
  3596 | D:5      | Found a basalt altar of Yredelemnul.
  3613 | D:5      | Reached skill level 8 in Axes
  3613 | D:5      | Reached XP level 8. HP: 55/70 MP: 7/7
  3742 | D:5      | Reached skill level 5 in Shields
  3988 | D:5      | Found Acugasai's General Store.
  4007 | D:5      | Reached ** piety under Okawaru
  4101 | D:5      | Noticed yesbutactuallyno's ghost (amateur HuFi)
  4343 | D:5      | Killed yesbutactuallyno's ghost
  4543 | D:6      | Reached skill level 1 in Invocations
  4580 | D:6      | Reached skill level 9 in Axes
  4678 | D:6      | Found a staircase to the Ecumenical Temple.
  6072 | D:7      | Reached XP level 9. HP: 67/78 MP: 10/10
  6173 | D:7      | Reached skill level 10 in Axes
  6189 | D:7      | Noticed a two-headed ogre
  6189 | D:7      | Noticed a cyclops
  6191 | D:7      | Noticed a komodo dragon
  6358 | D:6      | Killed a two-headed ogre
  6595 | D:7      | Found a shadowy altar of Dithmenos.
  6595 | D:7      | Found a hazy altar of Hepliaklqana.
  6629 | D:7      | Noticed a cyclops
  6634 | D:7      | Killed a cyclops
  6634 | D:7      | Reached *** piety under Okawaru
  6635 | D:7      | Reached skill level 11 in Axes
  6779 | D:7      | Noticed a manticore
  6790 | D:7      | Killed a manticore
  6791 | D:7      | Reached XP level 10. HP: 66/88 MP: 12/12
  6875 | D:7      | Slain by a cyclops

Illustrated notes

Levels and vault maps discovered:
D:1:      elethiomel_arrival_maze, layout_loops_ring, lemuel_flame_loot_1
D:2:      layout_rooms, hangedman_decor_diamond_cutter
D:3:      layout_rooms, gammafunk_temple_overflow_statue, serial_shops, shop,
          shop, shop, nicolae_book_shop_shelving, nicolae_shop_statue_plus,
          grunt_ministairs_15, minmay_misc_feat_plants, minmay_pentangle
D:4:      layout_basic, tso_altar, serial_shops, shop
D:5:      layout_basic, lemuel_mausoleum_altar_yredelemnul,
          hellmonk_ghost_happy_afterlife, serial_shops, nicolae_stop_n_shop_2,
          columned_hall_lemuel
D:6:      layout_layer_cave, minmay_temple_entry_statues_fountains,
          gup_ossuary_entry_pyramid
D:7:      minmay_slanted_spiral_squares, layout_rooms,
          riverfiend_overflow_shadow_ancestor

Skill      XL: |  1  2  3  4  5  6  7  8  9 |
---------------+----------------------------+-----
Shields        | 4 5 6 |  6.3
Fighting       | 4 5 6 7 |  7.8
Armour         | 4 5 6 7 8 |  8.2
Axes           | 3 4 5 6 8 9 11 | 11.7
Dodging        | 1 2 |  2.1
Invocations    | 3 4 |  4.9
Stealth        | |  0.5

Action                     |  1- 3 |  4- 6 |  7- 9 | 10-12 || total
---------------------------+-------+-------+-------+-------++-------
  Melee: War axe           |    87 |   106 |   267 |     7 ||   467
         Headbutt          |    12 |    18 |    52 |     3 ||    85
 Invoke: Heroism           |       |       |     5 |     1 ||     6
 Armour: Scale mail        |    37 |    45 |     1 |       ||    83
         Plate armour      |       |       |   125 |     1 ||   126
  Dodge: Dodged            |    36 |    50 |    80 |     1 ||   167
  Block: Buckler           |    18 |    30 |    69 |       ||   117

Table legend: (Time is in decaauts)
 A = Elapsed time spent in this place.
 B = Non-inter-level travel time spent in this place.
 C = Inter-level travel time spent in this place.
 D = Time resting spent in this place.
 E = Time spent auto-exploring this place.
 F = Levels seen in this place.
 G = Mean time per level.
                   A        B        C        D        E       F      G
               +--------+--------+--------+--------+--------+-----+--------+
         Total |   6961 |   6740 |    221 |      0 |   5589 |   7 |  994.4 |
       Dungeon |   6961 |   6740 |    221 |      0 |   5589 |   7 |  994.4 |
               +--------+--------+--------+--------+--------+-----+--------+

Top non-repeatable levels by time:
     D:6: 1412 daAuts
     D:5: 1397 daAuts
     D:7: 973 daAuts
     D:3: 913 daAuts
     D:1: 824 daAuts
     D:4: 819 daAuts
     D:2: 620 daAuts
